WCHLSIM.com - West Coast Hockey League
html PUBLIC "-//W3C//DTD XHTML 1.0 Transitional//EN" "http://www.w3.org/TR/xhtml1/DTD/xhtml1-transitional.dtd"> WCHL - Game 393 - KANSAS CITY KILLERBEES vs EDMONTON ICE

KANSAS CITY KILLERBEES vs EDMONTON ICE

Created - 8 décembre 2023 at 23:13

Goals
1 2 3 OT1 SO T
KANSAS CITY KILLERBEES 0 2 0 0 0 2
EDMONTON ICE 0 1 1 0 1 3
Shots
1 2 3 OT1 SO T
KANSAS CITY KILLERBEES 7 6 6 2 5 21
EDMONTON ICE 5 10 14 1 5 30

1st period

No Goal

Penalties :
Zach Aston-Reese (KCK) for Roughing (Minor) at 1:59, Michael Matheson (EDM) for Hooking (Minor) at 12:45, Daniel Walcott (KCK) for Goalie Interference (Minor) at 19:48

2nd period

1. EDMONTON ICE , Jack Eichel 14 (Alex Tuch 18, Anthony Beauvillier 8) at 4:01
2. KANSAS CITY KILLERBEES , James van Riemsdyk 7 (Philipp Kurashev 13) at 8:52
3. KANSAS CITY KILLERBEES , Tyler Johnson 8 (Nicholas Paul 10, Mattias Ekholm 13) at 10:40

Penalties :
Anthony Mantha (EDM) for High sticking (Minor) at 1:55, Alexis Lafreniere (KCK) for Hooking (Minor) at 14:47

3rd period

4. EDMONTON ICE , Scott Laughton 11 (Thomas Novak 3) at 2:16

Penalties :
Jarred Tinordi (EDM) for Tripping (Minor) at 5:25, Nicolas Aube-Kubel (KCK) for High sticking (Minor) at 5:25, Jarred Tinordi (EDM) for Hooking (Minor) at 12:46

Overtime #1

No Goal

Penalties :
No Penalty

Shootout

KANSAS CITY KILLERBEES, Jakub Voracek - Stopped by Vitek Vanecek
EDMONTON ICE, Alex Tuch - Stopped by Ilya Samsonov
KANSAS CITY KILLERBEES, Alexis Lafreniere - Stopped by Vitek Vanecek
EDMONTON ICE, Jack Eichel - Stopped by Ilya Samsonov
KANSAS CITY KILLERBEES, James van Riemsdyk - Stopped by Vitek Vanecek
EDMONTON ICE, Thomas Novak - Stopped by Ilya Samsonov
KANSAS CITY KILLERBEES, Nicholas Paul - Shot Misses the Net
EDMONTON ICE, Dawson Mercer - Shot Misses the Net
KANSAS CITY KILLERBEES, Philipp Kurashev - Stopped by Vitek Vanecek
EDMONTON ICE, Gustav Nyquist - Goal!

Penalties :
No Penalty

Goalie Stats

Ilya Samsonov (KCK), 28 saves from 30 shots - (0,933), OTL, 6-11-2, 65:00 minutes
Vitek Vanecek (EDM), 19 saves from 21 shots - (0,905), W, 15-5-4, 65:00 minutes

Players Stats for KANSAS CITY KILLERBEES

Player Name              G  A  P  +/- PIM S  H  SB GA TA FO     MP     PP MP  PK MP  
------------------------------------------------------------------------------------
Alexis Lafreniere        0  0  0   1  2   2  2  0  0  0  0/5    18:32   2:15   1:49 
Andreas Englund          0  0  0   0  0   0  1  0  0  0  0/0    17:18   0:00   2:07 
Boone Jenner             0  0  0  -1  0   2  0  0  0  0  1/1     5:34   0:00   0:00 
Daniel Walcott           0  0  0  -1  2   0  3  1  0  0  0/0    25:04   3:42   1:49 
Jacob Muzzin             0  0  0   0  0   0  2  1  0  0  0/0    20:50   2:15   2:09 
Jakub Voracek            0  0  0  -1  0   1  0  0  0  0  3/7    18:15   3:42   0:00 
James van Riemsdyk       1  0  1   1  0   3  0  0  0  0  5/6    20:46   2:15   2:31 
Jaret Anderson-Dolan     0  0  0  -1  0   1  0  0  0  0  1/3     7:12   0:15   1:23 
MacKenzie Entwistle      0  0  0   1  0   1  3  0  0  0  7/19   15:33   0:00   0:14 
Mattias Ekholm           0  1  1   1  0   0  0  5  0  0  0/0    24:53   3:42   3:09 
Morgan Barron            0  0  0  -1  0   2  0  0  0  0  2/9    15:39   2:15   0:00 
Nicholas Paul            0  1  1   1  0   3  2  0  0  0  0/2    22:41   3:27   2:31 
Nicolas Aube-Kubel       0  0  0  -1  2   0  1  0  0  0  0/0     5:33   0:00   0:00 
Philipp Kurashev         0  1  1   1  0   1  0  0  0  0  3/3    22:27   3:42   3:26 
Sean Walker              0  0  0   1  0   0  2  1  0  0  0/0    21:57   2:15   2:40 
Ty Emberson              0  0  0  -1  0   0  2  1  0  0  0/0    17:27   0:00   0:00 
Tyler Johnson            1  0  1   1  0   3  0  0  0  0  10/19  13:56   0:00   0:00 
Zach Aston-Reese         0  0  0  -1  2   2  2  0  0  0  1/1    13:23   0:00   0:00 

Players Stats for EDMONTON ICE

Player Name              G  A  P  +/- PIM S  H  SB GA TA FO     MP     PP MP  PK MP  
------------------------------------------------------------------------------------
Alex Tuch                0  1  1   0  0   4  1  0  0  0  0/0    22:42   3:13   0:54 
Anthony Beauvillier      0  1  1   0  0   4  2  0  0  0  0/1    18:25   2:44   0:21 
Anthony Mantha           0  0  0   0  2   2  2  0  0  0  0/0    12:35   0:00   0:00 
Anton Lundell            0  0  0   0  0   0  0  0  0  0  1/2     3:40   0:00   1:29 
Dawson Mercer            0  0  0   0  0   3  0  1  0  0  5/12   16:41   2:44   0:00 
Evgeny Dadonov           0  0  0   0  0   3  1  0  0  0  1/1    17:33   0:00   1:29 
Gustav Nyquist           0  0  0   0  0   2  1  0  0  0  1/2    21:45   2:44   0:00 
Jack Eichel              1  0  1   0  0   5  2  0  0  0  13/28  21:48   3:13   0:00 
Jarred Tinordi           0  0  0  -1  4   0  1  0  0  0  0/0    15:52   0:00   2:02 
Joshua Mahura            0  0  0   0  0   0  0  0  0  0  0/0     2:42   0:00   0:12 
Justin Barron            0  0  0   0  0   0  2  0  0  0  0/0    16:22   1:51   0:00 
Michael Matheson         0  0  0   1  2   2  1  2  0  0  0/0    25:00   4:06   1:56 
Ryan Graves              0  0  0   0  0   0  1  1  0  0  0/0    22:30   1:51   2:53 
Scott Laughton           1  0  1   0  0   3  2  0  0  0  7/8    24:17   3:13   4:07 
Shea Theodore            0  0  0   1  0   1  1  1  0  0  0/0    25:32   4:06   1:47 
Tanner Jeannot           0  0  0   0  0   0  0  0  0  0  0/0     5:45   0:00   3:34 
Thomas Novak             0  1  1   0  0   1  2  0  0  0  14/21  16:52   0:00   0:00 
Zach Whitecloud          0  0  0  -1  0   0  0  1  0  0  0/0    16:59   0:00   3:04 

3 Stars

1 - Jack Eichel (EDM)
2 - Scott Laughton (EDM)
3 - Tyler Johnson (KCK)

Power Play

KANSAS CITY KILLERBEES - 0 on 3 Attempt(s) - 0,00%
EDMONTON ICE - 0 on 3 Attempt(s) - 0,00%

Penalty Kill

KANSAS CITY KILLERBEES - 3 on 3 Attempt(s) - 100,00% - Score 0 goal in Penalty Kill
EDMONTON ICE - 3 on 3 Attempt(s) - 100,00% - Score 0 goal in Penalty Kill

Team Stat

KANSAS CITY KILLERBEES - Hits : 20 - Faceoff Wins : 33 - Blocked Shots : 9 - Penalty Minutes : 8
EDMONTON ICE - Hits : 19 - Faceoff Wins : 42 - Blocked Shots : 6 - Penalty Minutes : 8

Official

Referees : Chris Rooney and Furman South
Linesman : Brent Hooks and Libor Suchanek

Game Notes

No Game Note

Finance

Level 1 -- Attendance: 4870 (81,17%) -- Ticket Income 1 022 700 $
Level 2 -- Attendance: 3780 (75,60%) -- Ticket Income 529 200 $
Level 3 -- Attendance: 1645 (82,25%) -- Ticket Income 180 950 $
Level 4 -- Attendance: 3081 (51,35%) -- Ticket Income 261 885 $
Luxury Box -- Attendance: 771 (77,10%) -- Ticket Income 289 125 $
Total Attendance: 14147 (70,74%)
Total Ticket Income: 2 283 860 $
Other Expense: 22 839 $
Total Income: 2 261 021 $

KANSAS CITY KILLERBEES

5 vs 5 Forward 
   Center                   Left Wing                Right Wing               Time % Phy DF OF 
 1 MacKenzie Entwistle      James van Riemsdyk       Philipp Kurashev         32     1   2  2  
 2 Tyler Johnson            Nicholas Paul            Alexis Lafreniere        31     1   2  2  
 3 Morgan Barron            Zach Aston-Reese         Jakub Voracek            27     1   2  2  
 4 Jaret Anderson-Dolan     Boone Jenner             Nicolas Aube-Kubel       10     1   2  2  

5 vs 5 Defense 
   Defense                  Defense                                           Time % Phy DF OF 
 1 Mattias Ekholm           Andreas Englund                                   36     1   2  2  
 2 Sean Walker              Jacob Muzzin                                      34     1   2  2  
 3 Ty Emberson              Daniel Walcott                                    22     1   2  2  
 4 Mattias Ekholm           Sean Walker                                       8      1   2  2  

PowerPlay Forward 
   Center                   Left Wing                Right Wing               Time % Phy DF OF 
 1 Morgan Barron            James van Riemsdyk       Alexis Lafreniere        55     1   2  2  
 2 Jakub Voracek            Nicholas Paul            Philipp Kurashev         45     1   2  2  

PowerPlay Defense
   Defense                  Defense                                           Time % Phy DF OF 
 1 Mattias Ekholm           Daniel Walcott                                    55     1   2  2  
 2 Sean Walker              Jacob Muzzin                                      45     1   2  2  

Penalty Kill 4 Players Forward 
   Center                   Wing                     Time % Phy DF OF 
 1 Alexis Lafreniere        Philipp Kurashev         55     1   2  2  
 2 James van Riemsdyk       Nicholas Paul            45     1   2  2  

Penalty Kill 4 Players Defense
   Defense                  Defense                  Time % Phy DF OF 
 1 Mattias Ekholm           Daniel Walcott           55     1   2  2  
 2 Sean Walker              Jacob Muzzin             45     1   2  2  

Penalty Kill - 3 Players Forward 
   Forward                                           Time % Phy DF OF 
 1 Nicholas Paul                                     55     1   2  2  
 2 James van Riemsdyk                                45     1   2  2  

Penalty Kill - 3 Players Defense
   Defense                  Defense                  Time % Phy DF OF 
 1 Mattias Ekholm           Daniel Walcott           55     1   2  2  
 2 Sean Walker              Jacob Muzzin             45     1   2  2  

4 vs 4 Forward 
   Center                   Wing                     Time % Phy DF OF 
 1 Jakub Voracek            Philipp Kurashev         55     1   2  2  
 2 James van Riemsdyk       Nicholas Paul            45     1   2  2  

4 vs 4 Defense
   Defense                  Defense                  Time % Phy DF OF 
 1 Mattias Ekholm           Daniel Walcott           55     1   2  2  
 2 Sean Walker              Jacob Muzzin             45     1   2  2  

Last Minutes Offensive
   Center                   Left Wing                Right Wing               Defense                  Defense                  
   MacKenzie Entwistle      James van Riemsdyk       Nicholas Paul            Alexis Lafreniere        Andreas Englund          

Last Minutes Defensive
   Center                   Left Wing                Right Wing               Defense                  Defense                  
   MacKenzie Entwistle      James van Riemsdyk       Philipp Kurashev         Mattias Ekholm           Andreas Englund          

Goaltenders
Starting : Ilya Samsonov            
Backup : Cal Petersen             

Extra Forwards
Normal : Jakub Voracek, Morgan Barron, Zach Aston-Reese - PP : Jakub Voracek, Morgan Barron - PK : Zach Aston-Reese
Extra Defensemen
Normal : Mattias Ekholm, Daniel Walcott, Sean Walker - PP : Sean Walker - PK : Daniel Walcott, Sean Walker
Penalty Shots
Jakub Voracek, Alexis Lafreniere, James van Riemsdyk, Nicholas Paul, Philipp Kurashev
Custom OT Lines Forwards
MacKenzie Entwistle, Daniel Walcott, James van Riemsdyk, Nicholas Paul, Philipp Kurashev, Alexis Lafreniere, Jakub Voracek, Morgan Barron, Zach Aston-Reese, Jaret Anderson-Dolan
Custom OT Lines Defensemen
Mattias Ekholm, Daniel Walcott, Sean Walker, Jacob Muzzin, Andreas Englund

Scratches
Anders Bjork (Healthy), K'Andre Miller (Head Injury), Riley Stillman (Healthy), Will Butcher (Fractured Metatarsal (Left Foot) Injury)

EDMONTON ICE

5 vs 5 Forward 
   Center                   Left Wing                Right Wing               Time % Phy DF OF 
 1 Jack Eichel              Gustav Nyquist           Alex Tuch                36     0   2  3  
 2 Thomas Novak             Scott Laughton           Evgeny Dadonov           33     1   2  2  
 3 Dawson Mercer            Anthony Beauvillier      Anthony Mantha           25     1   3  1  
 4 Anton Lundell            Anthony Beauvillier      Tanner Jeannot           6      0   3  2  

5 vs 5 Defense 
   Defense                  Defense                                           Time % Phy DF OF 
 1 Shea Theodore            Michael Matheson                                  37     1   2  2  
 2 Justin Barron            Ryan Graves                                       32     0   3  2  
 3 Zach Whitecloud          Jarred Tinordi                                    23     0   4  1  
 4 Ryan Graves              Joshua Mahura                                     8      0   3  2  

PowerPlay Forward 
   Center                   Left Wing                Right Wing               Time % Phy DF OF 
 1 Jack Eichel              Scott Laughton           Alex Tuch                60     1   2  2  
 2 Dawson Mercer            Anthony Beauvillier      Gustav Nyquist           40     1   2  2  

PowerPlay Defense
   Defense                  Defense                                           Time % Phy DF OF 
 1 Shea Theodore            Michael Matheson                                  60     0   2  3  
 2 Ryan Graves              Justin Barron                                     40     0   2  3  

Penalty Kill 4 Players Forward 
   Center                   Wing                     Time % Phy DF OF 
 1 Scott Laughton           Tanner Jeannot           60     0   5  0  
 2 Anton Lundell            Evgeny Dadonov           40     0   5  0  

Penalty Kill 4 Players Defense
   Defense                  Defense                  Time % Phy DF OF 
 1 Michael Matheson         Zach Whitecloud          60     0   5  0  
 2 Jarred Tinordi           Ryan Graves              40     0   5  0  

Penalty Kill - 3 Players Forward 
   Forward                                           Time % Phy DF OF 
 1 Anton Lundell                                     55     0   4  1  
 2 Thomas Novak                                      45     0   4  1  

Penalty Kill - 3 Players Defense
   Defense                  Defense                  Time % Phy DF OF 
 1 Zach Whitecloud          Ryan Graves              55     0   5  0  
 2 Michael Matheson         Jarred Tinordi           45     0   5  0  

4 vs 4 Forward 
   Center                   Wing                     Time % Phy DF OF 
 1 Dawson Mercer            Gustav Nyquist           55     1   2  2  
 2 Thomas Novak             Evgeny Dadonov           45     1   2  2  

4 vs 4 Defense
   Defense                  Defense                  Time % Phy DF OF 
 1 Shea Theodore            Michael Matheson         55     1   2  2  
 2 Zach Whitecloud          Justin Barron            45     1   2  2  

Last Minutes Offensive
   Center                   Left Wing                Right Wing               Defense                  Defense                  
   Jack Eichel              Scott Laughton           Alex Tuch                Shea Theodore            Michael Matheson         

Last Minutes Defensive
   Center                   Left Wing                Right Wing               Defense                  Defense                  
   Scott Laughton           Gustav Nyquist           Alex Tuch                Shea Theodore            Michael Matheson         

Goaltenders
Starting : Vitek Vanecek            
Backup : Jonathan Quick           

Extra Forwards
Normal : Dawson Mercer, Anthony Beauvillier, Anton Lundell - PP : Thomas Novak, Dawson Mercer - PK : Alex Tuch
Extra Defensemen
Normal : Shea Theodore, Justin Barron, Ryan Graves - PP : Justin Barron - PK : Ryan Graves, Shea Theodore
Penalty Shots
Alex Tuch, Jack Eichel, Thomas Novak, Dawson Mercer, Gustav Nyquist
Custom OT Lines Forwards
Alex Tuch, Jack Eichel, Scott Laughton, Gustav Nyquist, Dawson Mercer, Thomas Novak, Anthony Beauvillier, Anton Lundell, Evgeny Dadonov, Anthony Mantha
Custom OT Lines Defensemen
Shea Theodore, Michael Matheson, Ryan Graves, Zach Whitecloud, Justin Barron

Scratches
Austin Watson (Healthy), Jonas Brodin (Strained Right Elbow Injury)

% Time on Ice - KANSAS CITY KILLERBEES

Lines # - Real PCT - Wanted PCT - Time Play
Normal Forward
1 - 29% - 32% - 13:13
2 - 30% - 31% - 13:56
3 - 29% - 27% - 13:24
4 - 12% - 10% - 5:34
Normal Defense
1 - 32% - 36% - 14:32
2 - 29% - 34% - 13:29
3 - 38% - 22% - 17:27
4 - 1% - 8% - 0:39
PP Forward
1 - 38% - 55% - 2:15
2 - 62% - 45% - 3:42
PP Defense
1 - 62% - 55% - 3:42
2 - 38% - 45% - 2:15
PK Forward
1 - 58% - 55% - 3:26
2 - 42% - 45% - 2:31
PK Defense
1 - 64% - 55% - 3:48
2 - 36% - 45% - 2:09
PK3 Forward
1 - 0% - 55%
2 - 0% - 45%
PK3 Defense
1 - 0% - 55%
2 - 0% - 45%
44 Forward
1 - 58% - 55% - 1:09
2 - 42% - 45% - 0:50
44 Defense
1 - 58% - 55% - 1:09
2 - 42% - 45% - 0:50
Last Minute Offensive  - 0:00
Last Minute Defensive  - 0:00
Total
Forward - 60:00
Defense - 60:00

% Time on Ice - EDMONTON ICE

Lines # - Real PCT - Wanted PCT - Time Play
Normal Forward
1 - 35% - 36% - 16:09
2 - 33% - 33% - 15:11
3 - 27% - 25% - 12:36
4 - 5% - 6% - 2:11
Normal Defense
1 - 34% - 37% - 15:50
2 - 30% - 32% - 13:55
3 - 30% - 23% - 13:52
4 - 5% - 8% - 2:30
PP Forward
1 - 54% - 60% - 3:13
2 - 46% - 40% - 2:44
PP Defense
1 - 69% - 60% - 4:06
2 - 31% - 40% - 1:51
PK Forward
1 - 75% - 60% - 4:28
2 - 25% - 40% - 1:29
PK Defense
1 - 52% - 60% - 3:04
2 - 48% - 40% - 2:53
PK3 Forward
1 - 0% - 55%
2 - 0% - 45%
PK3 Defense
1 - 0% - 55%
2 - 0% - 45%
44 Forward
1 - 55% - 55% - 1:06
2 - 45% - 45% - 0:53
44 Defense
1 - 70% - 55% - 1:23
2 - 30% - 45% - 0:36
Last Minute Offensive  - 0:00
Last Minute Defensive  - 0:00
Total
Forward - 60:00
Defense - 60:00

Play-by-Play

1st period


0:01 of 1st period - MacKenzie Entwistle wins face-off versus Gustav Nyquist in neutral zone.
0:07 of 1st period - Icing by Michael Matheson.
0:08 of 1st period - Jack Eichel wins face-off versus Tyler Johnson in EDMONTON ICE zone.
0:08 of 1st period - Jack Eichel is hit by Alexis Lafreniere.
0:37 of 1st period - Shot by Shea Theodore.
0:37 of 1st period - Shot Misses the Net.
1:59 of 1st period - Minor Penalty to Zach Aston-Reese for Roughing.
2:00 of 1st period - Dawson Mercer wins face-off versus Alexis Lafreniere in KANSAS CITY KILLERBEES zone.
2:09 of 1st period - Shot by Shea Theodore.
2:09 of 1st period - Stopped by Ilya Samsonov without a rebound.
2:10 of 1st period - James van Riemsdyk wins face-off versus Jack Eichel in KANSAS CITY KILLERBEES zone.
3:58 of 1st period - Scott Laughton is hit by Nicholas Paul and loses puck.
4:19 of 1st period - Shot by Evgeny Dadonov.
4:19 of 1st period - Shot Misses the Net.
4:27 of 1st period - Scott Laughton is hit by Zach Aston-Reese and loses puck.
4:56 of 1st period - Shot by Anthony Beauvillier.
4:56 of 1st period - Shot Hit the Post.
5:51 of 1st period - Alex Tuch is hit by MacKenzie Entwistle and loses puck.
6:04 of 1st period - Off-side.
6:05 of 1st period - Thomas Novak wins face-off versus Tyler Johnson in neutral zone.
6:59 of 1st period - Off-side.
7:00 of 1st period - MacKenzie Entwistle wins face-off versus Jack Eichel in neutral zone.
7:22 of 1st period - Alex Tuch is hit by Daniel Walcott and loses puck.
7:31 of 1st period - James van Riemsdyk is hit by Jack Eichel and loses puck.
8:08 of 1st period - Shot by Anthony Beauvillier.
8:08 of 1st period - Shot Misses the Net.
8:48 of 1st period - Zach Aston-Reese is hit by Anthony Beauvillier and loses puck.
9:06 of 1st period - Shot by Jakub Voracek.
9:06 of 1st period - Shot Misses the Net.
9:08 of 1st period - Shot by Sean Walker.
9:08 of 1st period - Shot Misses the Net.
9:50 of 1st period - Shot by Jaret Anderson-Dolan.
9:50 of 1st period - Deflect By Boone Jenner.
9:50 of 1st period - Stopped by Vitek Vanecek without a rebound.
9:51 of 1st period - Tyler Johnson wins face-off versus Jack Eichel in EDMONTON ICE zone.
9:57 of 1st period - Off-side.
9:58 of 1st period - MacKenzie Entwistle wins face-off versus Jack Eichel in neutral zone.
11:04 of 1st period - Shot by Evgeny Dadonov.
11:04 of 1st period - Shot Misses the Net.
11:20 of 1st period - Shot by Scott Laughton.
11:20 of 1st period - Deflect By Evgeny Dadonov.
11:20 of 1st period - Shot Misses the Net.
12:17 of 1st period - Morgan Barron is hit by Ryan Graves and loses puck.
12:22 of 1st period - Shot by Jakub Voracek.
12:22 of 1st period - Stopped by Vitek Vanecek without a rebound.
12:23 of 1st period - Jack Eichel wins face-off versus MacKenzie Entwistle in EDMONTON ICE zone.
12:28 of 1st period - Shot by Jack Eichel.
12:28 of 1st period - Stopped by Ilya Samsonov without a rebound.
12:29 of 1st period - Jack Eichel wins face-off versus MacKenzie Entwistle in KANSAS CITY KILLERBEES zone.
12:45 of 1st period - Minor Penalty to Michael Matheson for Hooking.
12:46 of 1st period - Jakub Voracek wins face-off versus Scott Laughton in EDMONTON ICE zone.
12:49 of 1st period - Shot by Nicholas Paul.
12:49 of 1st period - Shot Misses the Net.
12:51 of 1st period - Shot by Nicholas Paul.
12:51 of 1st period - Shot Misses the Net.
13:08 of 1st period - Scott Laughton is hit by Daniel Walcott and loses puck.
14:13 of 1st period - Mattias Ekholm is hit by Alex Tuch and loses puck.
14:55 of 1st period - Shot by Anthony Beauvillier.
14:55 of 1st period - Stopped by Ilya Samsonov with a rebound.
15:37 of 1st period - Shot by Gustav Nyquist.
15:37 of 1st period - Shot Misses the Net.
15:39 of 1st period - Shot by Gustav Nyquist.
15:39 of 1st period - Stopped by Ilya Samsonov without a rebound.
15:40 of 1st period - Jack Eichel wins face-off versus MacKenzie Entwistle in KANSAS CITY KILLERBEES zone.
15:40 of 1st period - Gustav Nyquist is hit by Jacob Muzzin and loses puck.
16:01 of 1st period - Shot by Philipp Kurashev.
16:01 of 1st period - Shot Misses the Net.
16:03 of 1st period - Shot by MacKenzie Entwistle.
16:03 of 1st period - Stopped by Vitek Vanecek without a rebound.
16:04 of 1st period - Thomas Novak wins face-off versus Morgan Barron in EDMONTON ICE zone.
16:13 of 1st period - Shot by Scott Laughton.
16:13 of 1st period - Deflect By Thomas Novak.
16:13 of 1st period - Shot Misses the Net.
16:16 of 1st period - Icing by Ty Emberson.
16:17 of 1st period - Zach Aston-Reese wins face-off versus Dawson Mercer in KANSAS CITY KILLERBEES zone.
16:17 of 1st period - Zach Aston-Reese is hit by Anthony Beauvillier.
16:35 of 1st period - Shot by Morgan Barron.
16:35 of 1st period - Stopped by Vitek Vanecek with a rebound.
16:51 of 1st period - Shot by Dawson Mercer.
16:51 of 1st period - Shot Misses the Net.
18:43 of 1st period - Icing by Sean Walker.
18:44 of 1st period - Tyler Johnson wins face-off versus Anton Lundell in KANSAS CITY KILLERBEES zone.
18:53 of 1st period - Icing by Ryan Graves.
18:54 of 1st period - Anton Lundell wins face-off versus Jaret Anderson-Dolan in EDMONTON ICE zone.
19:06 of 1st period - Shot by Jaret Anderson-Dolan.
19:06 of 1st period - Stopped by Vitek Vanecek without a rebound.
19:07 of 1st period - Morgan Barron wins face-off versus Thomas Novak in EDMONTON ICE zone.
19:19 of 1st period - Jakub Voracek is hit by Michael Matheson.
19:25 of 1st period - Shot by Jakub Voracek.
19:25 of 1st period - Deflect By Zach Aston-Reese.
19:25 of 1st period - Stopped by Vitek Vanecek without a rebound.
19:26 of 1st period - Tyler Johnson wins face-off versus Jack Eichel in EDMONTON ICE zone.
19:31 of 1st period - Shot by Tyler Johnson.
19:31 of 1st period - Stopped by Vitek Vanecek without a rebound.
19:32 of 1st period - Tyler Johnson wins face-off versus Jack Eichel in EDMONTON ICE zone.
19:41 of 1st period - Shot by Alex Tuch.
19:41 of 1st period - Stopped by Ilya Samsonov with a rebound.
19:48 of 1st period - Minor Penalty to Daniel Walcott for Goalie Interference.
19:49 of 1st period - Jack Eichel wins face-off versus Alexis Lafreniere in KANSAS CITY KILLERBEES zone.
Goals for this period are 0 for KANSAS CITY KILLERBEES vs 0 for EDMONTON ICE.
Shots for this period are 7 for KANSAS CITY KILLERBEES vs 5 for EDMONTON ICE.

2nd period


0:01 of 2nd period - Scott Laughton wins face-off versus Alexis Lafreniere in neutral zone.
1:07 of 2nd period - Icing by Dawson Mercer.
1:08 of 2nd period - Dawson Mercer wins face-off versus Alexis Lafreniere in EDMONTON ICE zone.
1:20 of 2nd period - Shot by Dawson Mercer.
1:20 of 2nd period - Shot Blocked by Sean Walker.
1:22 of 2nd period - Shot by Ryan Graves.
1:22 of 2nd period - Shot Misses the Net.
1:24 of 2nd period - Shot by Anthony Beauvillier.
1:24 of 2nd period - Stopped by Ilya Samsonov without a rebound.
1:25 of 2nd period - Jack Eichel wins face-off versus James van Riemsdyk in KANSAS CITY KILLERBEES zone.
1:52 of 2nd period - Shot by Anthony Beauvillier.
1:52 of 2nd period - Shot Misses the Net.
1:55 of 2nd period - Minor Penalty to Anthony Mantha for High sticking.
1:56 of 2nd period - Scott Laughton wins face-off versus Jakub Voracek in EDMONTON ICE zone.
2:11 of 2nd period - Shot by Philipp Kurashev.
2:11 of 2nd period - Stopped by Vitek Vanecek without a rebound.
2:12 of 2nd period - Scott Laughton wins face-off versus Morgan Barron in EDMONTON ICE zone.
3:41 of 2nd period - Shot by Anthony Beauvillier.
3:41 of 2nd period - Stopped by Ilya Samsonov with a rebound.
4:01 of 2nd period - Shot by Jack Eichel.
4:01 of 2nd period - Goal by Jack Eichel - KANSAS CITY KILLERBEES : 0 - EDMONTON ICE : 1.
4:02 of 2nd period - Dawson Mercer wins face-off versus Jaret Anderson-Dolan in neutral zone.
4:02 of 2nd period - Michael Matheson is hit by Nicolas Aube-Kubel.
4:51 of 2nd period - Boone Jenner is hit by Justin Barron and loses puck.
4:57 of 2nd period - Off-side.
4:58 of 2nd period - James van Riemsdyk wins face-off versus Thomas Novak in neutral zone.
4:58 of 2nd period - Philipp Kurashev is hit by Thomas Novak and loses puck.
5:16 of 2nd period - Scott Laughton is hit by Sean Walker and loses puck.
5:19 of 2nd period - Shot by Scott Laughton.
5:19 of 2nd period - Stopped by Ilya Samsonov without a rebound.
5:20 of 2nd period - Jack Eichel wins face-off versus Alexis Lafreniere in KANSAS CITY KILLERBEES zone.
5:35 of 2nd period - Alex Tuch is hit by Nicholas Paul and loses puck.
5:49 of 2nd period - Icing by Nicholas Paul.
5:50 of 2nd period - Tyler Johnson wins face-off versus Thomas Novak in KANSAS CITY KILLERBEES zone.
6:07 of 2nd period - Shot by Alexis Lafreniere.
6:07 of 2nd period - Stopped by Vitek Vanecek without a rebound.
6:08 of 2nd period - Jack Eichel wins face-off versus MacKenzie Entwistle in EDMONTON ICE zone.
6:14 of 2nd period - Shot by Philipp Kurashev.
6:14 of 2nd period - Shot Blocked by Zach Whitecloud.
7:01 of 2nd period - Shot by Morgan Barron.
7:01 of 2nd period - Shot Misses the Net.
7:03 of 2nd period - Shot by Mattias Ekholm.
7:03 of 2nd period - Shot Misses the Net.
7:05 of 2nd period - Shot by Mattias Ekholm.
7:05 of 2nd period - Shot Misses the Net.
7:07 of 2nd period - Shot by Zach Aston-Reese.
7:07 of 2nd period - Stopped by Vitek Vanecek without a rebound.
7:08 of 2nd period - Thomas Novak wins face-off versus Tyler Johnson in EDMONTON ICE zone.
7:36 of 2nd period - Nicholas Paul is hit by Justin Barron and loses puck.
8:34 of 2nd period - Shot by Morgan Barron.
8:34 of 2nd period - Shot Misses the Net.
8:44 of 2nd period - Shot by James van Riemsdyk.
8:44 of 2nd period - Shot Blocked by Dawson Mercer.
8:46 of 2nd period - Shot by MacKenzie Entwistle.
8:46 of 2nd period - Deflect By James van Riemsdyk.
8:46 of 2nd period - Stopped by Vitek Vanecek without a rebound.
8:47 of 2nd period - Philipp Kurashev wins face-off versus Jack Eichel in EDMONTON ICE zone.
8:52 of 2nd period - Shot by James van Riemsdyk.
8:52 of 2nd period - Goal by James van Riemsdyk - KANSAS CITY KILLERBEES : 1 - EDMONTON ICE : 1.
8:53 of 2nd period - Philipp Kurashev wins face-off versus Jack Eichel in neutral zone.
9:57 of 2nd period - Michael Matheson is hit by MacKenzie Entwistle and loses puck.
10:24 of 2nd period - Shot by Dawson Mercer.
10:24 of 2nd period - Shot Misses the Net.
10:40 of 2nd period - Shot by Tyler Johnson.
10:40 of 2nd period - Goal by Tyler Johnson - KANSAS CITY KILLERBEES : 2 - EDMONTON ICE : 1.
10:41 of 2nd period - Morgan Barron wins face-off versus Thomas Novak in neutral zone.
12:21 of 2nd period - Gustav Nyquist is hit by Zach Aston-Reese and loses puck.
12:36 of 2nd period - Icing by Daniel Walcott.
12:37 of 2nd period - Dawson Mercer wins face-off versus Morgan Barron in KANSAS CITY KILLERBEES zone.
13:21 of 2nd period - Shot by Michael Matheson.
13:21 of 2nd period - Stopped by Ilya Samsonov without a rebound.
13:22 of 2nd period - MacKenzie Entwistle wins face-off versus Thomas Novak in KANSAS CITY KILLERBEES zone.
13:22 of 2nd period - MacKenzie Entwistle is hit by Thomas Novak.
14:19 of 2nd period - Evgeny Dadonov is hit by Sean Walker and loses puck.
14:47 of 2nd period - Minor Penalty to Alexis Lafreniere for Hooking.
14:48 of 2nd period - Jaret Anderson-Dolan wins face-off versus Dawson Mercer in KANSAS CITY KILLERBEES zone.
15:15 of 2nd period - Shot by Dawson Mercer.
15:15 of 2nd period - Shot Blocked by Jacob Muzzin.
15:17 of 2nd period - Shot by Shea Theodore.
15:17 of 2nd period - Shot Misses the Net.
15:19 of 2nd period - Shot by Dawson Mercer.
15:19 of 2nd period - Stopped by Ilya Samsonov without a rebound.
15:20 of 2nd period - James van Riemsdyk wins face-off versus Jack Eichel in KANSAS CITY KILLERBEES zone.
15:36 of 2nd period - Icing by Shea Theodore.
15:37 of 2nd period - James van Riemsdyk wins face-off versus Jack Eichel in EDMONTON ICE zone.
15:42 of 2nd period - Shot by Nicholas Paul.
15:42 of 2nd period - Shot Blocked by Shea Theodore.
16:35 of 2nd period - Shot by Gustav Nyquist.
16:35 of 2nd period - Stopped by Ilya Samsonov without a rebound.
16:36 of 2nd period - James van Riemsdyk wins face-off versus Dawson Mercer in KANSAS CITY KILLERBEES zone.
16:43 of 2nd period - Shot by Nicholas Paul.
16:43 of 2nd period - Shot Blocked by Michael Matheson.
16:52 of 2nd period - Icing by Zach Whitecloud.
16:53 of 2nd period - Tyler Johnson wins face-off versus Jack Eichel in EDMONTON ICE zone.
17:23 of 2nd period - Shot by Alex Tuch.
17:23 of 2nd period - Shot Misses the Net.
17:25 of 2nd period - Shot by Alex Tuch.
17:25 of 2nd period - Stopped by Ilya Samsonov with a rebound.
17:43 of 2nd period - Shot by Anthony Mantha.
17:43 of 2nd period - Stopped by Ilya Samsonov without a rebound.
17:44 of 2nd period - Thomas Novak wins face-off versus MacKenzie Entwistle in KANSAS CITY KILLERBEES zone.
18:01 of 2nd period - Evgeny Dadonov is hit by MacKenzie Entwistle and loses puck.
18:05 of 2nd period - Icing by Michael Matheson.
18:06 of 2nd period - Thomas Novak wins face-off versus Morgan Barron in EDMONTON ICE zone.
18:17 of 2nd period - Morgan Barron is hit by Scott Laughton and loses puck.
18:40 of 2nd period - Shot by Evgeny Dadonov.
18:40 of 2nd period - Shot Misses the Net.
19:10 of 2nd period - Shot by Anthony Mantha.
19:10 of 2nd period - Stopped by Ilya Samsonov with a rebound.
19:18 of 2nd period - Shot by Anthony Beauvillier.
19:18 of 2nd period - Shot Misses the Net.
19:20 of 2nd period - Shot by Anthony Beauvillier.
19:20 of 2nd period - Deflect By Dawson Mercer.
19:20 of 2nd period - Shot Misses the Net.
Goals for this period are 2 for KANSAS CITY KILLERBEES vs 1 for EDMONTON ICE.
Shots for this period are 6 for KANSAS CITY KILLERBEES vs 10 for EDMONTON ICE.

3rd period


0:01 of 3rd period - Jack Eichel wins face-off versus MacKenzie Entwistle in neutral zone.
0:30 of 3rd period - Shot by Alex Tuch.
0:30 of 3rd period - Deflect By Jack Eichel.
0:30 of 3rd period - Stopped by Ilya Samsonov without a rebound.
0:31 of 3rd period - Tyler Johnson wins face-off versus Thomas Novak in KANSAS CITY KILLERBEES zone.
0:31 of 3rd period - Tyler Johnson is hit by Scott Laughton.
0:42 of 3rd period - Shot by Nicholas Paul.
0:42 of 3rd period - Shot Blocked by Ryan Graves.
0:52 of 3rd period - Shot by Nicholas Paul.
0:52 of 3rd period - Stopped by Vitek Vanecek without a rebound.
0:53 of 3rd period - Jakub Voracek wins face-off versus Jack Eichel in EDMONTON ICE zone.
0:55 of 3rd period - Morgan Barron is hit by Shea Theodore and loses puck.
1:52 of 3rd period - Icing by Ty Emberson.
1:53 of 3rd period - Thomas Novak wins face-off versus Morgan Barron in KANSAS CITY KILLERBEES zone.
2:16 of 3rd period - Shot by Scott Laughton.
2:16 of 3rd period - Goal by Scott Laughton - KANSAS CITY KILLERBEES : 2 - EDMONTON ICE : 2.
2:17 of 3rd period - MacKenzie Entwistle wins face-off versus Dawson Mercer in neutral zone.
2:44 of 3rd period - Shot by James van Riemsdyk.
2:44 of 3rd period - Stopped by Vitek Vanecek without a rebound.
2:45 of 3rd period - Thomas Novak wins face-off versus Tyler Johnson in EDMONTON ICE zone.
2:47 of 3rd period - Icing by Evgeny Dadonov.
2:48 of 3rd period - Tyler Johnson wins face-off versus Thomas Novak in EDMONTON ICE zone.
2:55 of 3rd period - Shot by Alexis Lafreniere.
2:55 of 3rd period - Shot Misses the Net.
3:47 of 3rd period - Shot by Jack Eichel.
3:47 of 3rd period - Shot Blocked by Mattias Ekholm.
3:52 of 3rd period - Alex Tuch is hit by Andreas Englund and loses puck.
4:01 of 3rd period - Shot by Alex Tuch.
4:01 of 3rd period - Stopped by Ilya Samsonov with a rebound.
4:06 of 3rd period - Icing by Alexis Lafreniere.
4:07 of 3rd period - Tyler Johnson wins face-off versus Dawson Mercer in KANSAS CITY KILLERBEES zone.
5:25 of 3rd period - Minor Penalty to Jarred Tinordi for Tripping.
5:25 of 3rd period - Minor Penalty to Nicolas Aube-Kubel for High sticking.
5:26 of 3rd period - Thomas Novak wins face-off versus Jakub Voracek in EDMONTON ICE zone.
6:27 of 3rd period - Shot by Nicholas Paul.
6:27 of 3rd period - Shot Misses the Net.
6:48 of 3rd period - Shot by Dawson Mercer.
6:48 of 3rd period - Stopped by Ilya Samsonov without a rebound.
6:49 of 3rd period - Philipp Kurashev wins face-off versus Anthony Beauvillier in KANSAS CITY KILLERBEES zone.
6:49 of 3rd period - Philipp Kurashev is hit by Gustav Nyquist.
7:07 of 3rd period - Shot by Philipp Kurashev.
7:07 of 3rd period - Shot Blocked by Michael Matheson.
7:29 of 3rd period - Shot by Jaret Anderson-Dolan.
7:29 of 3rd period - Shot Misses the Net.
7:37 of 3rd period - Shot by Boone Jenner.
7:37 of 3rd period - Stopped by Vitek Vanecek without a rebound.
7:38 of 3rd period - Boone Jenner wins face-off versus Jack Eichel in EDMONTON ICE zone.
8:14 of 3rd period - Shot by Jack Eichel.
8:14 of 3rd period - Stopped by Ilya Samsonov without a rebound.
8:15 of 3rd period - Thomas Novak wins face-off versus Tyler Johnson in KANSAS CITY KILLERBEES zone.
8:28 of 3rd period - Shot by Scott Laughton.
8:28 of 3rd period - Deflect By Thomas Novak.
8:28 of 3rd period - Shot Misses the Net.
8:30 of 3rd period - Shot by Scott Laughton.
8:30 of 3rd period - Stopped by Ilya Samsonov without a rebound.
8:31 of 3rd period - MacKenzie Entwistle wins face-off versus Dawson Mercer in KANSAS CITY KILLERBEES zone.
8:31 of 3rd period - MacKenzie Entwistle is hit by Anthony Mantha.
9:03 of 3rd period - Philipp Kurashev is hit by Anthony Mantha and loses puck.
9:32 of 3rd period - Icing by Nicholas Paul.
9:33 of 3rd period - Thomas Novak wins face-off versus Tyler Johnson in KANSAS CITY KILLERBEES zone.
9:34 of 3rd period - Shot by Scott Laughton.
9:34 of 3rd period - Deflect By Evgeny Dadonov.
9:34 of 3rd period - Stopped by Ilya Samsonov without a rebound.
9:35 of 3rd period - Jakub Voracek wins face-off versus Jack Eichel in KANSAS CITY KILLERBEES zone.
9:46 of 3rd period - Shot by Jakub Voracek.
9:46 of 3rd period - Deflect By Morgan Barron.
9:46 of 3rd period - Stopped by Vitek Vanecek without a rebound.
9:47 of 3rd period - Thomas Novak wins face-off versus Tyler Johnson in EDMONTON ICE zone.
9:52 of 3rd period - Sean Walker is hit by Evgeny Dadonov and loses puck.
10:04 of 3rd period - Shot by Tyler Johnson.
10:04 of 3rd period - Deflect By Nicholas Paul.
10:04 of 3rd period - Stopped by Vitek Vanecek with a rebound.
10:18 of 3rd period - Shot by Tyler Johnson.
10:18 of 3rd period - Stopped by Vitek Vanecek without a rebound.
10:19 of 3rd period - Jack Eichel wins face-off versus MacKenzie Entwistle in EDMONTON ICE zone.
10:39 of 3rd period - James van Riemsdyk is hit by Jack Eichel and loses puck.
12:11 of 3rd period - Icing by Sean Walker.
12:12 of 3rd period - Dawson Mercer wins face-off versus Nicholas Paul in KANSAS CITY KILLERBEES zone.
12:46 of 3rd period - Minor Penalty to Jarred Tinordi for Hooking.
12:47 of 3rd period - Scott Laughton wins face-off versus Jakub Voracek in EDMONTON ICE zone.
13:26 of 3rd period - Icing by Nicholas Paul.
13:27 of 3rd period - Scott Laughton wins face-off versus Jakub Voracek in KANSAS CITY KILLERBEES zone.
13:46 of 3rd period - Shot by Evgeny Dadonov.
13:46 of 3rd period - Stopped by Ilya Samsonov without a rebound.
13:47 of 3rd period - Scott Laughton wins face-off versus Morgan Barron in KANSAS CITY KILLERBEES zone.
13:47 of 3rd period - Tanner Jeannot is hit by Jacob Muzzin and loses puck.
14:59 of 3rd period - Alex Tuch is hit by Daniel Walcott and loses puck.
15:10 of 3rd period - Shot by Alex Tuch.
15:10 of 3rd period - Shot Misses the Net.
15:46 of 3rd period - Icing by Shea Theodore.
15:47 of 3rd period - Tyler Johnson wins face-off versus Dawson Mercer in EDMONTON ICE zone.
16:08 of 3rd period - Shea Theodore is hit by Alexis Lafreniere and loses puck.
17:08 of 3rd period - Shot by Evgeny Dadonov.
17:08 of 3rd period - Shot Misses the Net.
17:10 of 3rd period - Shot by Thomas Novak.
17:10 of 3rd period - Shot Misses the Net.
17:21 of 3rd period - James van Riemsdyk is hit by Jarred Tinordi and loses puck.
17:27 of 3rd period - Off-side.
17:28 of 3rd period - Gustav Nyquist wins face-off versus Morgan Barron in neutral zone.
17:36 of 3rd period - Jack Eichel is hit by Ty Emberson and loses puck.
18:05 of 3rd period - Shot by Alex Tuch.
18:05 of 3rd period - Shot Blocked by Ty Emberson.
18:07 of 3rd period - Shot by Gustav Nyquist.
18:07 of 3rd period - Shot Misses the Net.
18:37 of 3rd period - Shot by Anthony Beauvillier.
18:37 of 3rd period - Stopped by Ilya Samsonov with a rebound.
18:44 of 3rd period - Dawson Mercer is hit by Ty Emberson and loses puck.
18:51 of 3rd period - Shot by Michael Matheson.
18:51 of 3rd period - Stopped by Ilya Samsonov without a rebound.
18:52 of 3rd period - Thomas Novak wins face-off versus MacKenzie Entwistle in KANSAS CITY KILLERBEES zone.
18:53 of 3rd period - Shot by Evgeny Dadonov.
18:53 of 3rd period - Stopped by Ilya Samsonov without a rebound.
18:54 of 3rd period - Thomas Novak wins face-off versus MacKenzie Entwistle in KANSAS CITY KILLERBEES zone.
19:10 of 3rd period - Shot by Thomas Novak.
19:10 of 3rd period - Stopped by Ilya Samsonov without a rebound.
19:11 of 3rd period - Jack Eichel wins face-off versus Tyler Johnson in KANSAS CITY KILLERBEES zone.
19:18 of 3rd period - Shot by Alex Tuch.
19:18 of 3rd period - Stopped by Ilya Samsonov with a rebound.
19:20 of 3rd period - Shot by Jack Eichel.
19:20 of 3rd period - Stopped by Ilya Samsonov without a rebound.
19:21 of 3rd period - Thomas Novak wins face-off versus MacKenzie Entwistle in KANSAS CITY KILLERBEES zone.
19:52 of 3rd period - Icing by Ryan Graves.
19:53 of 3rd period - Evgeny Dadonov wins face-off versus Tyler Johnson in EDMONTON ICE zone.
Goals for this period are 0 for KANSAS CITY KILLERBEES vs 1 for EDMONTON ICE.
Shots for this period are 6 for KANSAS CITY KILLERBEES vs 14 for EDMONTON ICE.

Overtime #1


0:01 of 1st overtime period - Jack Eichel wins face-off versus MacKenzie Entwistle in neutral zone.
0:06 of 1st overtime period - Shot by Jack Eichel.
0:06 of 1st overtime period - Shot Blocked by Mattias Ekholm.
0:08 of 1st overtime period - Shot by Alex Tuch.
0:08 of 1st overtime period - Shot Blocked by Mattias Ekholm.
0:10 of 1st overtime period - Shot by Jack Eichel.
0:10 of 1st overtime period - Shot Blocked by Mattias Ekholm.
0:14 of 1st overtime period - Shot by Alex Tuch.
0:14 of 1st overtime period - Shot Blocked by Mattias Ekholm.
0:40 of 1st overtime period - Shot by Alex Tuch.
0:40 of 1st overtime period - Shot Misses the Net.
2:15 of 1st overtime period - Shot by Alexis Lafreniere.
2:15 of 1st overtime period - Stopped by Vitek Vanecek without a rebound.
2:16 of 1st overtime period - MacKenzie Entwistle wins face-off versus Jack Eichel in EDMONTON ICE zone.
2:33 of 1st overtime period - Shot by MacKenzie Entwistle.
2:33 of 1st overtime period - Shot Misses the Net.
2:35 of 1st overtime period - Shot by Daniel Walcott.
2:35 of 1st overtime period - Shot Misses the Net.
3:07 of 1st overtime period - Shot by Nicholas Paul.
3:07 of 1st overtime period - Stopped by Vitek Vanecek without a rebound.
3:08 of 1st overtime period - Scott Laughton wins face-off versus Nicholas Paul in EDMONTON ICE zone.
4:24 of 1st overtime period - Shot by Dawson Mercer.
4:24 of 1st overtime period - Stopped by Ilya Samsonov without a rebound.
4:25 of 1st overtime period - Jack Eichel wins face-off versus MacKenzie Entwistle in KANSAS CITY KILLERBEES zone.
4:26 of 1st overtime period - Shot by Alex Tuch.
4:26 of 1st overtime period - Shot Blocked by Daniel Walcott.
Goals for this period are 0 for KANSAS CITY KILLERBEES vs 0 for EDMONTON ICE.
Shots for this period are 2 for KANSAS CITY KILLERBEES vs 1 for EDMONTON ICE.

ShootOut


5:00 of 1st overtime period - Round #1.
5:00 of 1st overtime period - KANSAS CITY KILLERBEES, Jakub Voracek.
5:00 of 1st overtime period - Stopped by Vitek Vanecek.
5:00 of 1st overtime period - EDMONTON ICE, Alex Tuch.
5:00 of 1st overtime period - Stopped by Ilya Samsonov.
5:00 of 1st overtime period - Round #2.
5:00 of 1st overtime period - KANSAS CITY KILLERBEES, Alexis Lafreniere.
5:00 of 1st overtime period - Stopped by Vitek Vanecek.
5:00 of 1st overtime period - EDMONTON ICE, Jack Eichel.
5:00 of 1st overtime period - Stopped by Ilya Samsonov.
5:00 of 1st overtime period - Round #3.
5:00 of 1st overtime period - KANSAS CITY KILLERBEES, James van Riemsdyk.
5:00 of 1st overtime period - Stopped by Vitek Vanecek.
5:00 of 1st overtime period - EDMONTON ICE, Thomas Novak.
5:00 of 1st overtime period - Stopped by Ilya Samsonov.
5:00 of 1st overtime period - Round #4.
5:00 of 1st overtime period - KANSAS CITY KILLERBEES, Nicholas Paul.
5:00 of 1st overtime period - Shot Misses the Net.
5:00 of 1st overtime period - EDMONTON ICE, Dawson Mercer.
5:00 of 1st overtime period - Shot Misses the Net.
5:00 of 1st overtime period - Round #5.
5:00 of 1st overtime period - KANSAS CITY KILLERBEES, Philipp Kurashev.
5:00 of 1st overtime period - Stopped by Vitek Vanecek.
5:00 of 1st overtime period - EDMONTON ICE, Gustav Nyquist.
5:00 of 1st overtime period - Goal by Gustav Nyquist.


BLAKE
WHEELER
STEVEN
STAMKOS
DREW
DOUGHTY

EAST COAST

HOCKEY LEAGUE

  • 63.RHI2PIT5
  • 64.WOR4ATL3
  • 65.QUECHW
  • 66.CHATRV